 Dungeon Crawl Stone Soup version 0.30.1-9-gdf580d7c3d (webtiles) character file.

Game seed: 3897445353768543158

18 leafyfresh the Sneak (level 2, -7/27 HPs)
             Began as a Minotaur Delver on Oct 13, 2023.
             Mangled by a mummy (8 damage)
             ... in an ossuary.
             The game lasted 00:01:18 (234 turns).

leafyfresh the Sneak (Minotaur Delver)               Turns: 234, Time: 00:01:19

Health: -7/27      AC:  3    Str: 16    XL:     2   Next: 51%
Magic:  1/1        EV: 12    Int:  7    God:
Gold:   0          SH:  0    Dex: 11    Spells: 1/1 levels left

rFire   . . .        a - +0 short sword
rCold   . . .        (no shield)
rNeg    . . .        b - +0 leather armour
rPois   .            (helmet restricted)
rElec   .            (no cloak)
rCorr   .            (no gloves)
SInv    .            (no boots)
Will    .....        (no amulet)
Stlth   ++           (no ring)
HPRegen 0.24/turn    (no ring)
MPRegen 0.07/turn

%: no passive effects
@: no status effects
A: horns 2, retaliatory headbutt
a: no special abilities


You were in an ossuary.
You visited 1 branch of the dungeon, and saw 1 of its levels.
You also visited: Ossuary.

Inventory:

Hand Weapons
 a - a +0 short sword (weapon)
Armour
 b - a +0 leather armour (worn)
Jewellery
 h - a ring of magical power
Wands
 g - a wand of digging (3)
Scrolls
 c - a scroll of fog
 d - 2 scrolls of magic mapping
 e - a scroll of fear
Potions
 f - a potion of haste


   Skills:
 + Level 4.1 Fighting
 - Level 2.3 Short Blades
 + Level 2.7 Dodging
 - Level 4.1 Stealth


You had one spell level left.
You didn't know any spells.
Your spell library was empty.

Dungeon Overview and Level Annotations

Branches:
Dungeon (5/15)            Ossuary (1/1)
 Temple: D:4-7

Altars:

Portals:
Abyss: D:5

Annotations:
D:5 2 transporters, ShellytheWitch's ghost, novice KoBr


Innate Abilities, Weirdness & Mutations

You have a pair of horns on your head.
You reflexively headbutt those who attack you in melee.


Message History

You destroy the mummy!
Your Fighting skill increases to level 4!
You have reached level 2!
You hit the mummy but do no damage. The mummy barely misses you.
The hobgoblin zombie closely misses you.
You hit the mummy.
The mummy is lightly damaged.
You hit the mummy.
The mummy is moderately damaged.
The hobgoblin zombie hits you but does no damage.
The mummy misses you. x2
You hit the mummy. You headbutt the mummy.
The mummy is heavily damaged.
The hobgoblin zombie hits you.
You hit the mummy but do no damage.
The mummy is heavily damaged.
The mummy hits you. The mummy completely misses you.
You hit the mummy.
The mummy is heavily damaged.
The hobgoblin zombie closely misses you.
You barely miss the mummy.
The mummy is heavily damaged.
The mummy misses you. The mummy hits you.
The hobgoblin zombie completely misses you.
You hit the mummy.
The mummy is severely damaged.
You hit the mummy.
The mummy is severely damaged.
The hobgoblin zombie hits you. The mummy hits you! x2
* * * LOW HITPOINT WARNING * * *
Unknown command.
You hit the mummy.
The mummy is almost destroyed.
The hobgoblin zombie hits you.
* * * LOW HITPOINT WARNING * * *
Unknown command.
You hit the mummy.
The mummy is almost destroyed.
The mummy hits you!
You die...

#....#
#....#
#....#
#....#
#....#
#....#
#M...#
#MM..#
#@Z∩.#
######


You could see 3 mummies and a hobgoblin zombie.

Vanquished Creatures
  A mummy (Ossuary)
  2 gnoll zombies (Ossuary)
  3 hobgoblin zombies (Ossuary)
  A kobold zombie (Ossuary)
  An orc zombie (Ossuary)
8 creatures vanquished.

Notes
Turn   | Place    | Note
-------+----------+-------------------------------------------
     0 | D:5      | leafyfresh the Minotaur Delver began the quest for the Orb.
     0 | D:5      | Reached XP level 1. HP: 19/19 MP: 0/0
     8 | D:5      | Noticed a small abomination
     9 | D:5      | Found a one-way gate to the infinite horrors of the Abyss.
     9 | D:5      | Noticed ShellytheWitch's ghost (novice KoBr)
    11 | D:5      | Noticed a small abomination
    20 | D:5      | Found a transporter.
    59 | D:5      | Found a transporter.
    64 | D:5      | Noticed a crimson imp
    86 | D:5      | Noticed an ice beast
    99 | D:5      | Found a sand-covered staircase.
   101 | D:5      | Noticed a scorpion
   103 | D:5      | Noticed a black bear
   106 | D:5      | Noticed an orc priest
   108 | Ossuary  | Entered an ossuary
   224 | Ossuary  | Reached XP level 2. HP: 27/27 MP: 1/1
   233 | Ossuary  | HP: 1/27 [hobgoblin zombie (1)]
   234 | Ossuary  | Mangled by a mummy

Illustrated notes

Levels and vault maps discovered:
D:5:      layout_basic, nicolae_ossuary_entry_ruins,
          gammafunk_ghost_abyssal_escape, nicolae_eternal_life
Ossuary:  ossuary_tomb_3

Skill      XL: |  1 |
---------------+----+-----
Fighting       | 4 |  4.1
Short Blades   | |  2.3
Dodging        | |  2.7
Stealth        | |  4.1

Action                     || total
---------------------------++-------
  Melee: Short sword       ||    36
         Headbutt          ||     8
         Punch             ||     1
 Armour: Leather armour    ||     7
  Dodge: Dodged            ||    20
